 Dungeon Crawl Stone Soup version 0.19.4 (webtiles) character file.

1348 Naow the Magician (level 8, 0/45 HPs)
             Began as a Deep Elf Fire Elementalist on Feb 4, 2017.
             Succumbed to a killer bee's poison
             ... on level 8 of the Dungeon.
             The game lasted 00:09:04 (7195 turns).

Naow the Magician (Deep Elf Fire Elementalist)      Turns: 7195, Time: 00:09:05

Health: 0/45       AC:  3    Str:  9    XL:     8   Next: 36%
Magic:  9/21       EV: 13    Int: 23    God:
Gold:   450        SH:  0    Dex: 15    Spells: 5 memorised, 7 levels left

rFire  + . .     SeeInvis .     C - +0 dagger
rCold  x . .     Gourm    .     a - +0 robe
rNeg   . . .     Faith    .     (no shield)
rPois  .         Spirit   .     (no helmet)
rElec  .         Reflect  .     (no cloak)
rCorr  .         Harm     .     (no gloves)
MR     .....                    i - +0 pair of boots
Stlth  ++........               (no amulet)
                                k - +4 ring of strength
                                h - ring of fire

@: lethally poisoned (0 -> -21)
A: no striking features
a: no special abilities


You were on level 8 of the Dungeon.
You were hungry.

You visited 1 branch of the dungeon, and saw 8 of its levels.

You collected 450 gold pieces.

Inventory:

Hand Weapons
 C - a +0 dagger (weapon)
Armour
 a - a +0 robe (worn)
 i - a +0 pair of boots (worn)
 o - a +0 helmet
Jewellery
 h - a ring of fire (left hand)
 k - a +4 ring of strength (right hand)
 H - an uncursed amulet of the gourmand {unknown}
Wands
 d - a wand of slowing (19/48)
 q - a wand of disintegration (6/24)
 s - a wand of flame (20/48)
Scrolls
 e - 2 scrolls of blinking {unknown}
 f - a scroll of enchant weapon {unknown}
 m - 3 scrolls of identify {unknown}
 r - a scroll of fear {unknown}
 u - a scroll of amnesia {unknown}
 v - a scroll of remove curse {unknown}
 w - a scroll of teleportation {unknown}
 x - 2 scrolls of noise {unknown}
 y - a scroll of enchant armour {unknown}
 z - a scroll of magic mapping {unknown}
 I - a scroll of fog {unknown}
Potions
 j - 3 potions of curing {unknown}
 n - a potion of cancellation {unknown}
 p - a potion of degeneration {unknown}
 t - a potion of agility
 A - a potion of cure mutation {unknown}
 B - a potion of lignification {unknown}
 E - a potion of brilliance {unknown}
 G - a potion of haste
Books
 b - a book of Flames

   Spells                             Type                      Level
   a - Flame Tongue                   Conjuration/Fire             1
   b - Throw Flame                    Conjuration/Fire             2
   c - Conjure Flame                  Conjuration/Fire             3
   d - Inner Flame                    Hexes/Fire                   3
   e - Sticky Flame                   Conjuration/Fire             4
   f - Fireball                       Conjuration/Fire             5
Comestibles
 c - 4 bread rations
 l - 4 fruits
 D - 2 meat rations


   Skills:
 + Level 2.9 Fighting
 - Level 2.4 Dodging
 - Level 2.5 Stealth
 + Level 7.8 Spellcasting
 + Level 6.2 Conjurations
 + Level 6.5 Fire Magic


You had 7 spell levels left.
You knew the following spells:

 Your Spells              Type           Power        Failure   Level  Hunger
a - Flame Tongue          Conj/Fire      #####        1%          1    None
b - Throw Flame           Conj/Fire      ######       1%          2    None
c - Conjure Flame         Conj/Fire      ######..     1%          3    None
d - Sticky Flame          Conj/Fire      ######..     8%          4    ###....
e - Fireball              Conj/Fire      ######....   17%         5    #####..


Dungeon Overview and Level Annotations

Branches:
Dungeon (8/15)
 Temple: D:4-7         Lair: D:8-11

Altars:
Ashenzari
Makhleb
Trog
Uskayaw
Zin


Message History

The killer bee stings you.
* * * LOW HITPOINT WARNING * * *
The killer bee stings you.
* * * LOW HITPOINT WARNING * * *
You are more poisoned.
The killer bee poisons you! The killer bee closely misses you.
The killer bee stings you.
* * * LOW HITPOINT WARNING * * *
You are more poisoned.
The killer bee poisons you!
You are feeling hungry.
Mmm...
Ham and pineapple.
Casting: Sticky Flame
Confirm with . or Enter, or press ? or * to list all spells.
Aiming: Sticky Flame
Press: ? - help, Shift-Dir - straight line, f - killer bee, p - killer bee
Aim: a killer bee (severely wounded)
You feel a surge of power!
The sticky flame hits the killer bee.
You kill the killer bee!
You die...

.#.....# ###>......
.......##.............#
......................
...........#.........
.......#.###.........
..######..##(..(.... .#
..# ##..#......# .####
### ##........###...> #
###....@......### #
#.....y.##....... #
.....##............. .
....## ###......$......
..# ##............. .
#.....5#..#.##...
#..###.#.##....# ...
#......#..##. .#
#............


You could see a killer bee (burning) and a crimson imp.

Vanquished Creatures
  A sky beast (D:7)
  An ice beast (D:6)
  A phantom (D:6)
  A centaur (D:5)
  A bullfrog (D:6)
  A gnoll sergeant (D:7)
  A wyvern zombie (D:6)
  A scorpion (D:5)
  2 killer bees (D:8)
  A hound (D:4)
  A jelly (D:5)
  2 orc priests
  Natasha (thrice) (D:2)
  2 iguanas
  4 orc wizards
  2 worker ants
  2 worker ant zombies
  7 gnolls
  7 adders
  A shadow imp (D:5)
  2 oozes (D:6)
  5 worms
  4 dart slugs
  3 leopard geckos
  16 orcs
  5 ball pythons
  4 giant cockroaches
  4 goblins (D:1)
  6 hobgoblins
  4 jackals (D:4)
  6 kobolds
  2 quokkas (D:4)
  8 bats
  4 frilled lizards
  A quokka zombie (D:7)
  6 rats
122 creatures vanquished.

Notes
Turn   | Place    | Note
-------+----------+-------------------------------------------
     0 | D:1      | Naow the Deep Elf Fire Elementalist began the quest for the Orb.
     0 | D:1      | Reached XP level 1. HP: 10/10 MP: 6/6
   387 | D:1      | Reached XP level 2. HP: 12/15 MP: 6/8
  1413 | D:2      | Reached XP level 3. HP: 19/19 MP: 5/10
  1458 | D:2      | Reached skill level 4 in Spellcasting
  1615 | D:2      | Learned a level 2 spell: Throw Flame
  1619 | D:2      | Learned a level 3 spell: Conjure Flame
  1624 | D:2      | Noticed Natasha
  1629 | D:2      | Killed Natasha
  1629 | D:2      | Reached XP level 4. HP: 24/24 MP: 7/12
  1636 | D:2      | Learned a level 4 spell: Sticky Flame
  1809 | D:2      | Found a hide-covered altar of Uskayaw.
  2154 | D:2      | Noticed Natasha
  2160 | D:2      | Killed Natasha
  2318 | D:2      | Noticed Natasha
  2322 | D:2      | Killed Natasha
  2322 | D:2      | Reached XP level 5. HP: 8/28 MP: 10/14
  2719 | D:3      | Reached skill level 5 in Spellcasting
  2930 | D:3      | Found a shattered altar of Ashenzari.
  3871 | D:4      | Learned a level 5 spell: Fireball
  3968 | D:4      | Reached XP level 6. HP: 32/32 MP: 11/16
  4338 | D:4      | Found a glowing silver altar of Zin.
  4404 | D:4      | Reached skill level 6 in Spellcasting
  4501 | D:4      | Reached skill level 5 in Fire Magic
  4762 | D:5      | Entered Level 5 of the Dungeon
  4789 | D:5      | Reached skill level 1 in Fighting
  4789 | D:5      | Reached XP level 7. HP: 31/38 MP: 1/18
  5270 | D:6      | Reached skill level 5 in Conjurations
  5491 | D:6      | Found a burning altar of Makhleb.
  5967 | D:6      | Reached skill level 7 in Spellcasting
  6112 | D:6      | Found a bloodstained altar of Trog.
  6409 | D:7      | Reached XP level 8. HP: 35/44 MP: 11/20
  7194 | D:8      | HP: 2/45 [killer bee (4)]
  7195 | D:8      | Succumbed to a killer bee's poison

Skill      XL: |  1  2  3  4  5  6  7  8 |
---------------+-------------------------+-----
Conjurations   | 2 3 4 5 6 |  6.2
Spellcasting   | 4 5 6 7 |  7.8
Fire Magic     | 4 5 6 |  6.5
Fighting       | 1 2 |  2.9
Dodging        | |  2.4
Stealth        | |  2.5

Action                   |  1- 3 |  4- 6 |  7- 9 || total
-------------------------+-------+-------+-------++-------
Melee: Unarmed           |     3 |       |       ||     3
       Dagger            |       |       |    47 ||    47
 Cast: Flame Tongue      |    48 |   130 |    95 ||   273
       Throw Flame       |       |     2 |       ||     2
       Sticky Flame      |       |     3 |     8 ||    11
       Conjure Flame     |       |     1 |     2 ||     3
       Fireball          |       |       |     1 ||     1
  Eat: Chunk             |     2 |     9 |     7 ||    18
       Pizza             |       |       |     1 ||     1
Armor: Robe              |     3 |     4 |    13 ||    20
Dodge: Dodged            |    17 |    19 |    64 ||   100
